Unix NetHack Version 3.7.0-95 Work-in-progress - last build Jan 1 2024 20:51:50 (6a0ccc5fa2390e420dd2d488a2f9488d2ae3a63b,branch:master). Game began 2024-01-10 17:06:13, ended 2024-01-10 17:10:11. Arasaka, neutral female human Tourist -------- #-....<.| ####|......| # |....{.| # -.------ ----------------# # #................# # #|..............| # ######|..............| # -+--.- -----# |...........>..| # |....| |...|# ---------------- ## |@.f.-#####|...|# # |F...| ##.>...# # |....| ##----- # |....- # ------ 0############ --.------------ 0### |.............| ###..............| --------------- Arasaka the Rambler St:11 Dx:12 Co:17 In:11 Wi:7 Ch:17 Neutral Dlvl:3 $:378 HP:0(10) Pw:2(2) AC:4 Xp:1/17 T:1045 Latest messages: You try to move the boulder, but in vain. You try to move the boulder, but in vain. You try to move the boulder, but in vain. You swap places with Behemoth. You kill the grid bug! You see here a lembas wafer. You see here a lembas wafer. x - a lembas wafer. You descend the stairs. You hit the jackal. The jackal bites! You hit the jackal. The jackal bites! You miss the jackal. The jackal bites! You kill the jackal! You see here a jackal corpse. $ - 4 gold pieces (365 in total). You see here a jackal corpse. o - a clear potion (2 in total). There is nothing here to pick up. You see here a jackal corpse. You see here a jackal corpse. There is a jackal corpse here; eat it? [ynq] (n) Blecch! Rotten food! Everything suddenly goes dark. You finish eating the jackal corpse. You can see again. You climb up the stairs. You hit the green mold. You are splashed by the green mold's acid! Behemoth misses the green mold. Behemoth bites the green mold. Behemoth misses the green mold. Behemoth misses the green mold. Behemoth misses the green mold. Behemoth bites the green mold. The green mold is killed! You hear someone counting gold coins. You see here a gray stone. y - a gray stone. What do you want to use or apply? [bmnty or ?*] What do you want to rub on the stone? [$a-y or ?*] You make scratch marks on the stone. You descend the stairs. You climb up the stairs. $ - 13 gold pieces (378 in total). You miss the brown mold. You are suddenly very cold! You die... Inventory: Coins ('$') $ - 378 gold pieces Weapons (')') a - 31 uncursed +2 darts (at the ready) Armor ('[') l - an uncursed +0 Hawaiian shirt with a sailboat motif p - an uncursed +0 banded mail (being worn) Comestibles ('%') g - an uncursed clove of garlic b - an uncursed cream pie d - 4 uncursed food rations x - an uncursed lembas wafer e - 2 uncursed tripe rations f - an uncursed tin of deep fried lichen c - an uncursed egg Scrolls ('?') u - an uncursed scroll of enchant weapon w - a blessed scroll of identify k - a blessed scroll of magic mapping j - 3 uncursed scrolls of magic mapping Potions ('!') h - a blessed potion of extra healing i - an uncursed potion of extra healing r - an uncursed potion of healing s - an uncursed potion of object detection q - an uncursed potion of speed o - 2 uncursed potions of water Tools ('(') t - an uncursed blindfold n - an uncursed credit card m - an uncursed expensive camera (0:71) Gems/Stones ('*') v - an uncursed worthless piece of blue glass y - an uncursed flint stone Arasaka the Tourist's attributes: Background: You were a Rambler, a level 1 female human Tourist. You were neutral, nominally on a mission for The Lady who was opposed by Blind Io (lawful) and Offler (chaotic). You were right-handed. You were in the Dungeons of Doom, on level 3. You entered the dungeon 1045 turns ago. There was a new moon in effect when your adventure ended. You had 17 experience points, 3 more were needed to attain level 2. Basics: You had 0 out of 10 hit points. You had both energy points (spell power). Your armor class was 4. Your wallet contained 378 zorkmids. Autopickup was on for '$"?' plus thrown, with exceptions. Final Characteristics: Your strength was 11 (limit:18/100). Your dexterity was 12 (limit:18). Your constitution was 17 (limit:18). Your intelligence was 11 (limit:18). Your wisdom was 7 (limit:18). Your charisma was 17 (limit:18). Final Status: You weren't hungry. You were unencumbered. You were bare handed. You were unskilled in bare handed combat. Final Attributes: You were fervently aligned. You were poison resistant. You were warded. You are dead. Miscellaneous: You disabled loading of bones levels. Total elapsed playing time was 3 minutes and 57 seconds. Major events: Turn 1: Arasaka the neutral female human Tourist entered the dungeon 1032: entered the Gnomish Mines 1045: killed by a brown mold Vanquished creatures: a brown mold a green mold 5 jackals a kobold 2 sewer rats 5 grid bugs 2 lichens 2 kobold zombies 3 newts 22 creatures vanquished. No species were genocided or became extinct. Voluntary challenges: You were an atheist. You never hit with a wielded weapon. You were illiterate. You never engraved Elbereth. You never genocided any monsters. You never polymorphed an object. You never changed form. You used no wishes. Achievement: You entered the Gnomish Mines. The Dungeons of Doom: levels 1 to 4 Level 1: Level 2: A fountain. Level 3: <- You were here. A fountain. Stairs down to The Gnomish Mines. Final resting place for you, killed by a brown mold. Level 4: The Gnomish Mines: Level 4: Game over: ---------- / \ / REST \ / IN \ / PEACE \ / \ | Arasaka | | 378 Au | | killed by a | | brown mold | | | | | | 2024 | *| * * * | * _________)/\\_//(\/(/\)/\//\/|_)_______ Aloha Arasaka the Tourist... You died in The Dungeons of Doom on dungeon level 3 with 274 points, and 378 pieces of gold, after 1045 moves. You were level 1 with a maximum of 10 hit points when you died.